AoeStats
← 明

Arena

510125407Analyzed
1v1 RM · 2d ago on Sep 29, 2026· 70m 38s· 2 players
Game mode
Random Map
Map size
Tiny (2 player)
Population
200
Speed
Normal
Resources
Standard
Victory
Conquest
Starting age
Dark Age
Ending age
Imperial Age
RankedLock teamsTeams togetherTeam positionsShared explorationLock speedFull tech treeHidden civsTurbo modeCheats
Victory
Defeat
🇨🇳 Franks · China
792
+17
🇹🇷 Muisca · Türkiye
767
-15
cyberConqueror
10:26 Feudal Age
16:49 Castle Age
15:51 Double-Bit Axe
19:26 Bow Saw
26:07 Wheelbarrow
26:26 Sanctity
28:58 Fervor
30:39 Atonement
30:49 Redemption
38:30 Hand Cart
43:43 Imperial Age
41:12 Gold Mining
41:13 Stone Mining
41:10 Horse Collar
42:52 Ballistics
43:36 Gold Shaft Mining
43:06 Heavy Plow
43:42 Gold Shaft Mining
44:13 Forging
44:03 Scale Mail Armor
44:23 Fletching
44:34 Padded Archer Armor
44:49 Masonry
44:44 Siege Engineers
45:11 Siege Engineers
45:14 Treadmill Crane
45:51 Chain Mail Armor
46:12 Iron Casting
47:35 Chemistry
47:10 Murder Holes
48:00 Conscription
47:52 Huaracas
48:00 Squires
47:22 Pikeman
47:24 Elite Temple Guard
48:18 Murder Holes
48:45 Redemption
48:50 Block Printing
49:01 Illumination
49:11 Theocracy
49:17 Plate Mail Armor
49:03 Leather Archer Armor
48:44 Bodkin Arrow
51:20 Hoardings
51:04 Bracer
53:44 Heavy Scorpion
59:52 Champi Runner
64:03 Thumb Ring
63:18 Elite Skirmisher
63:20 Crossbowman
明
10:52 Feudal Age
11:24 Double-Bit Axe
12:34 Stone Mining
13:47 Gold Mining
20:41 Castle Age
22:08 Husbandry
22:15 Scale Barding Armor
22:20 Forging
22:39 Bow Saw
27:08 Light Cavalry
28:11 Devotion
29:13 Wheelbarrow
29:37 Heresy
30:45 Gold Shaft Mining
31:01 Hand Cart
33:31 Iron Casting
33:17 Chain Barding Armor
37:20 Imperial Age
36:14 Town Watch
37:54 Town Patrol
39:01 Blast Furnace
38:37 Plate Barding Armor
37:28 Cavalier
39:01 Conscription
39:23 Chivalry
38:50 Paladin
40:36 Ordonnance Companies
40:45 Heavy Scorpion
41:41 Loom
43:36 Chivalry
45:26 Chemistry
46:26 Scale Mail Armor
46:29 Capped Ram
47:51 Hoardings
Connection lost

Rejoining the realm…

Still unreachable

The connection could not be restored.

Session expired

The server has moved on; the page needs a fresh start.